 Dungeon Crawl Stone Soup version 0.32-a0-136-gc02482b (webtiles) character file.

Game seed: 16229673992874855323

13801 staltz the Martial Artist (level 12, -2/118 HPs)
             Began as a Djinni Shapeshifter on Feb 10, 2024.
             Was an Initiate of Ashenzari.
             Engulfed by a cloud of flame (3 damage)
             ... on level 11 of the Dungeon.
             The game lasted 01:27:45 (23786 turns).

staltz the Martial Artist (Djinni Shapeshifter)    Turns: 23786, Time: 01:27:45

Health: -2/118     AC: 26    Str: 15    XL:     12   Next: 37%
Gold:   582        EV:  2    Int: 13    God:    Ashenzari [......] SH:  0 Dex: 15

rFire   + .          .
                       - Unarmed
rCold   x . .        (no shield)
rNeg    . . .        J - melded +3 leather armour {rF+}
rPois   ∞            (helmet currently unavailable)
rElec   .            (cloak currently unavailable)
rCorr   .            (gloves currently unavailable)
SInv    .            (boots unavailable)
Will    +....        (no amulet)
Stlth   +++          H - ring of Ashenzari's Burden {Will+, Melee, Elem} (curse)
HPRegen 0.39/turn    u - ring of fire
MPRegen 0.00/turn

%: infuse magic (-3 HP)
@: mighty, brilliant, tree-form, weak-willed, studying Fighting
A: stationary, stasis, torment immunity, boosted hp, sickness immunity, (fire
resistance 2), (cold vulnerability 1), float, innate caster, HP casting, extra
vitality 1, frail 1, (shaggy fur 1), MP-powered wands
a: Renounce Religion, Shatter the Chains


You were on level 11 of the Dungeon.
You worshipped Ashenzari.
Ashenzari was noncommittal.
You were a tree.
You visited 2 branches of the dungeon, and saw 13 of its levels.
You also visited: Sewer and Ossuary.

You collected 582 gold pieces.

Inventory:

Missiles
 E - 16 poisoned darts (quivered)
Armour
 a - a +0 animal skin
 i - a +0 ring mail
 n - a +0 robe of willpower
 q - a +1 robe of fire resistance
 t - a scarf of harm
 B - an orb of guile
 F - +0 steam dragon scales
 G - a +0 kite shield
 J - a +3 leather armour of fire resistance (melded)
Magical Staves
 j - a staff of air
Jewellery
 u - a ring of fire (right branch)
 H - the cursed ring of Ashenzari's Burden (left branch) {Will+, Melee, Elem}
   (You took it off a wight on level 7 of the Dungeon)

   [ring of willpower]

   Will+:     It increases your willpower.
   It has a curse which improves the following skills: Melee Combat: Short
   Blades, Long Blades, Axes, Maces & Flails, Polearms, Staves and Unarmed
   Combat.
   Elements:  Fire Magic, Ice Magic, Air Magic and Earth Magic.
Talismans
 c - a beast talisman (active)
 d - a flux talisman
 g - a granite talisman
Wands
 o - a wand of flame (53)
 p - a wand of iceblast (2)
 r - a wand of polymorph (11)
Scrolls
 k - 2 scrolls of immolation
 y - 2 scrolls of enchant armour
 D - 3 scrolls of enchant weapon
Potions
 e - a potion of magic
 l - 3 potions of enlightenment


   Skills:
 * Level 8.3 Fighting
 - Level 2.0 Throwing
 - Level 0.3 Armour
 + Level 7.5 Dodging
 - Level 4.2 Stealth
 + Level 11.3(11.7) Unarmed Combat
 - Level 4.4 Spellcasting
 - Level 4.4 Conjurations
 - Level 4.4 Hexes
 - Level 4.4 Summonings
 - Level 4.4 Necromancy
 - Level 4.4 Translocations
 - Level 4.4(4.8) Fire Magic
 - Level 4.4(4.8) Ice Magic
 - Level 4.4(4.8) Air Magic
 - Level 4.4(4.8) Earth Magic
 - Level 4.4 Alchemy
 + Level 4.9 Evocations
 - Level 7.3 Shapeshifting


You knew the following spells:

 Your Spells              Type           Power      Damage    Failure   Level
a - Magic Dart            Conj           84%        1d7       3%          1
b - Call Imp              Summ           42%        N/A       4%          2
c - Teleport Other        Tloc           21%        N/A       10%         3
d - Flame Wave            Conj/Fire      33%        2d10      30%         4
e - Martyr's Knell        Necr/Summ      21%        N/A       32%         4
Your spell library was empty.

Dungeon Overview and Level Annotations

Branches:
Dungeon (12/15)            Temple (1/1) D:4             Orc (0/2) D:10
  Sewer (visited)         Ossuary (visited)
   Lair: D:8-11

Altars:
Ashenzari
Cheibriados
Dithmenos
Elyvilon
Fedhas
Gozag
Hepliaklqana
Makhleb
Nemelex Xobeh
Okawaru
Qazlal
Ru
Trog
Uskayaw
Wu Jian
Xom
Yredelemnul
Zin
The Shining One

Annotations:
D:8 Maurice
D:9 Erica


Innate Abilities, Weirdness & Mutations

You are a tree.
Your roots penetrate the ground, keeping you stationary.
You cannot be teleported.
You are immune to unholy pain and torment.
Your maximum health is greatly increased.
Your equipment is partially melded.
You are immune to sickness and miasma.
You are immune to poison.
((Your flesh is very heat resistant. (rF++)))
((You are vulnerable to cold. (rC-)))
You float through the air rather than walking.
You learn spells naturally, not from books.
Your magical power is your life essence.
You have superior vitality. (+4 MHP)
You are frail. (-10% HP)
((You are covered in fur. (AC +1)))
You expend health (3 HP) to strengthen your wands.


Message History

Unknown command.
Unknown command.
Okay, then.
Okay, then.
You feel extremely strange.
You feel a little more calm.
You feel your magical essence link to the dungeon's wands.
You feel frail. Fur sprouts all over your body.
You are engulfed in blazing flames.
You resist.
* * * LOW HITPOINT WARNING * * *
Unknown command.
Okay, then.
You are engulfed in blazing flames.
You resist.
* * * LOW HITPOINT WARNING * * *
Unknown command.
You are engulfed in blazing flames.
You resist.
* * * LOW HITPOINT WARNING * * *
Unknown command.
You are engulfed in blazing flames.
You resist.
Unknown command.
You are engulfed in blazing flames.
You resist.
You feel less attractive to monsters.
Unknown command.
You are engulfed in blazing flames.
You resist.
* * * LOW HITPOINT WARNING * * *
Unknown command.
You start resting.
You're standing in a cloud of flame!
You're standing in a cloud of flame!
Okay, then.
You cannot move.
Unknown command.
You are engulfed in blazing flames.
You resist.
* * * LOW HITPOINT WARNING * * *
Unknown command.
You are engulfed in blazing flames.
You resist.
* * * LOW HITPOINT WARNING * * *
Unknown command.
You are engulfed in blazing flames.
You resist.
You die...

...♣~~♣~...#
...~♣~~~...#
....~~~♣♣..#
....~~~~~..#
....~~~...#
##.§.....##
##§§°○.##
#§§○)# #♣.#
####


There were no monsters in sight!

Vanquished Creatures
  Amaemon (D:8)
  Lodul (D:11)
  Pikel (D:8)
  A manticore (D:11)
  Joseph (D:7)
  An orange demon (D:8)
  Maggie (D:6)
  An unseen horror zombie (D:7)
  Psyche (D:11)
  2 trolls
  Prince Ribbit (D:7)
  A shadow (D:10)
  Sigmund (D:2)
  12 yaks
  A steam dragon (D:10)
  Menkaure (D:5)
  A water moccasin (D:5)
  An ice beast (D:8)
  A sky beast (D:7)
  6 orc warriors
  12 ogres
  A wolf (D:11)
  A centaur (D:10)
  2 phantoms
  A lemure (D:8)
  5 kobold brigands
  A brain worm (Sewer)
  3 bullfrogs
  2 gnoll sergeants
  10 scorpions
  9 wights
  18 killer bees
  3 howler monkeys
  2 centaur zombies (D:7)
  3 lava snakes (D:10)
  A bullfrog zombie (D:7)
  A bombardier beetle (D:5)
  A hound (D:6)
  A jelly (D:7)
  10 orc priests
  Ijyb (D:3)
  Terence (D:2)
  4 iguanas
  4 scorpion zombies (Ossuary)
  8 orc wizards
  2 killer bee zombies (D:7)
  3 mummies (Ossuary)
  A howler monkey zombie (D:7)
  8 gnolls
  3 river rats
  8 adders
  4 shadow imps
  A white imp (D:8)
  4 adder zombies (Ossuary)
  2 dart slugs
  3 ribbon worms
  22 orcs
  16 bats
  11 endoplasms
  8 giant cockroaches
  8 goblins
  6 hobgoblins
  10 jackals
  4 quokkas
  17 ball pythons
  7 frilled lizards
  2 jackal zombies (Ossuary)
  17 kobolds
  4 rats
313 creatures vanquished.

Vanquished Creatures (collateral kills)
  A two-headed ogre (D:9)
  Grinder (D:5)
  Duvessa (D:6)
  An orc warrior (D:10)
  A lemure (D:9)
  A wight (D:8)
  Dowan (D:6)
  A bullfrog zombie (D:7)
  A jelly (D:7)
  A hound (D:6)
  2 orc wizards
  A scorpion zombie (Ossuary)
  A killer bee zombie (D:7)
  A gnoll (D:6)
  2 adders
  5 orcs
  3 gnoll zombies (Ossuary)
  2 jackals
  2 kobolds (D:9)
  A jackal zombie (Ossuary)
  2 kobold zombies (Ossuary)
32 creatures vanquished.

Vanquished Creatures (others)
  2 yaks (D:10)
2 creatures vanquished.

Grand Total: 347 creatures vanquished

Notes
Turn   | Place    | Note
-------+----------+-------------------------------------------
     0 | D:1      | staltz the Djinni Shapeshifter began the quest for the Orb.
     0 | D:1      | Reached XP level 1. HP: 17/17 MP: 0/0
   238 | D:1      | Reached XP level 2. HP: 18/22 MP: 0/0
   464 | D:1      | Reached XP level 3. HP: 27/27 MP: 0/0
   464 | D:1      | Learned a level 1 spell: Magic Dart
   984 | D:2      | Noticed Terence
  1392 | D:2      | Found a blossoming altar of Fedhas.
  1403 | D:2      | Reached XP level 4. HP: 25/33 MP: 0/0
  1689 | D:2      | Noticed Sigmund
  2018 | D:3      | Found a basalt altar of Yredelemnul.
  2025 | D:3      | Noticed an ogre
  2051 | D:3      | Killed an ogre
  2052 | D:3      | Reached skill level 4 in Unarmed Combat
  2052 | D:3      | Reached XP level 5. HP: 38/38 MP: 0/0
  2052 | D:3      | Learned a level 2 spell: Call Imp
  2279 | D:3      | Noticed Ijyb
  2297 | D:3      | Killed Ijyb
  2298 | D:3      | Reached XP level 6. HP: 30/43 MP: 0/0
  2699 | D:4      | Found a shimmering altar of Xom.
  2852 | D:4      | Found a glowing drain.
  2858 | Sewer    | Entered a sewer
  3272 | Sewer    | Reached skill level 1 in Spellcasting
  3272 | Sewer    | Reached skill level 1 in Conjurations
  3272 | Sewer    | Reached skill level 1 in Hexes
  3272 | Sewer    | Reached skill level 1 in Summonings
  3272 | Sewer    | Reached skill level 1 in Necromancy
  3272 | Sewer    | Reached skill level 1 in Translocations
  3272 | Sewer    | Reached skill level 1 in Fire Magic
  3272 | Sewer    | Reached skill level 1 in Ice Magic
  3272 | Sewer    | Reached skill level 1 in Air Magic
  3272 | Sewer    | Reached skill level 1 in Earth Magic
  3272 | Sewer    | Reached skill level 1 in Alchemy
  3573 | Sewer    | Reached XP level 7. HP: 45/49 MP: 0/0
  3573 | Sewer    | Learned a level 3 spell: Teleport Other
  3601 | Sewer    | Reached skill level 5 in Unarmed Combat
  4197 | D:4      | Found a staircase to the Ecumenical Temple.
  4240 | D:4      | Found a glowing golden altar of the Shining One.
  4387 | Temple   | Entered the Ecumenical Temple
  4396 | Temple   | Became a worshipper of Ashenzari the Shackled
  4505 | D:5      | Entered Level 5 of the Dungeon
  4654 | D:5      | Found a sand-covered staircase.
  4659 | Ossuary  | Entered an ossuary
  4680 | Ossuary  | Reached skill level 1 in Stealth
  4823 | Ossuary  | Upgraded the game from 0.32-a0-135-g14f8b2e to
                  | 0.32-a0-136-gc02482b
  5349 | Ossuary  | Reached XP level 8. HP: 57/58 MP: 0/0
  6153 | D:5      | Reached skill level 6 in Unarmed Combat
  6343 | D:5      | Noticed Menkaure
  6345 | D:5      | Killed Menkaure
  6692 | D:5      | Reached skill level 1 in Evocations
  6692 | D:5      | Reached XP level 9. HP: 20/63 MP: 0/0
  6692 | D:5      | Learned a level 4 spell: Flame Wave
  6693 | D:5      | Reached skill level 1 in Throwing
  7130 | D:5      | Noticed Grinder
  7289 | D:5      | Killed Grinder
  7290 | D:5      | Reached skill level 5 in Dodging
  7290 | D:5      | Reached skill level 7 in Unarmed Combat
  7504 | D:6      | Noticed Duvessa
  7531 | D:6      | Noticed Dowan
  7556 | D:6      | Killed Duvessa
  7557 | D:6      | Killed Dowan
  8578 | D:6      | Noticed Maggie
  8619 | D:6      | Killed Maggie
  8620 | D:6      | Reached skill level 5 in Fighting
  8620 | D:6      | Reached XP level 10. HP: 30/70 MP: 0/0
  8840 | D:6      | Found an ornate altar of the Wu Jian Council.
  9011 | D:7      | Reached skill level 8 in Unarmed Combat
  9421 | D:7      | Noticed Prince Ribbit
  9442 | D:7      | Killed Prince Ribbit
  9642 | D:7      | Found a stormy altar of Qazlal.
 10473 | D:7      | Noticed Joseph
 10940 | D:7      | Reached skill level 9 in Unarmed Combat
 11453 | D:8      | Noticed Maurice
 11698 | D:8      | Noticed Pikel
 11914 | D:9      | Found a sacrificial altar of Ru.
 11917 | D:9      | Noticed Erica
 12689 | D:8      | Killed Pikel
 13133 | D:8      | Noticed an orange demon
 13252 | D:7      | Killed Joseph
 13253 | D:7      | Reached XP level 11. HP: 28/76 MP: 0/0
 13253 | D:7      | Learned a level 4 spell: Martyr's Knell
 13622 | D:8      | Noticed Amaemon
 14159 | D:9      | Reached skill level 5 in Shapeshifting
 15630 | D:9      | Noticed a two-headed ogre
 15656 | D:9      | Killed a two-headed ogre
 15851 | D:10     | Entered Level 10 of the Dungeon
 18545 | D:10     | Found a hide-covered altar of Uskayaw.
 18695 | D:10     | Reached skill level 10 in Unarmed Combat
 19136 | D:10     | Found a staircase to the Orcish Mines.
 19186 | D:10     | Found an iron altar of Okawaru.
 19862 | D:2      | Killed Terence
 20029 | D:2      | Found a blossoming altar of Fedhas.
 20125 | D:2      | Killed Sigmund
 20945 | D:8      | Killed Amaemon
 20946 | D:8      | Reached XP level 12. HP: 38/85 MP: 0/0
 22113 | D:9      | Found a sacrificial altar of Ru.
 23124 | D:11     | HP: 10/127 [troll (13)]
 23726 | D:11     | Noticed Lodul
 23733 | D:11     | Noticed Psyche
 23760 | D:11     | Reached skill level 11 in Unarmed Combat
 23763 | D:11     | Killed Lodul
 23764 | D:11     | Killed Psyche
 23768 | D:11     | Gained mutation: You are frail. (-10% HP) [potion of
                  | mutation]
 23768 | D:11     | Gained mutation: You occasionally shout uncontrollably at
                  | your foes. [potion of mutation]
 23772 | D:11     | Lost mutation: You occasionally shout uncontrollably at
                  | your foes. [potion of mutation]
 23772 | D:11     | Lost mutation: You are frail. (-10% HP) [potion of
                  | mutation]
 23772 | D:11     | Gained mutation: You sometimes lose your temper in combat.
                  | [potion of mutation]
 23773 | D:11     | Lost mutation: You sometimes lose your temper in combat.
                  | [potion of mutation]
 23773 | D:11     | Gained mutation: You expend health (3 HP) to strengthen
                  | your wands. [potion of mutation]
 23773 | D:11     | Gained mutation: You are frail. (-10% HP) [potion of
                  | mutation]
 23773 | D:11     | Gained mutation: You are covered in fur. (AC +1) [potion of
                  | mutation]
 23775 | D:11     | HP: 6/118 [cloud of flame (9)]
 23784 | D:11     | HP: 6/118 [cloud of flame (2)]
 23785 | D:11     | HP: 1/118 [cloud of flame (6)]
 23786 | D:11     | Engulfed by a cloud of flame

Illustrated notes

Levels and vault maps discovered:
D:1:      dpeg_arrival_arbitrary_b, layout_loops_ring
D:2:      layout_basic, basic_altar, nrook_mini_vaults, uniq_terence,
          uniq_sigmund
D:3:      layout_rooms, yredelemnul_altar_generic, uniq_ijyb
D:4:      layout_rooms, old_standard_altar, xom_redecorated,
          minmay_temple_entry_stoned_glass, gup_sewer_entry_bubbles
D:5:      layout_cave_pods, mainiacjoe_overflow_surrounded_room,
          nicolae_ossuary_entry_false_entrances, kennysheep_pointless_box,
          serial_bayou_pond_a, uniq_menkaure, uniq_grinder
D:6:      layout_loops_ring, amethyst_overflow_temple_binary, uniq_maggie,
          uniq_duvessa
D:7:      layout_cave_pools, nicolae_qazlal_general_emergency, serial_undead,
          serial_undead_b, serial_undead_f, serial_undead_c, serial_undead_a,
          uniq_joseph, uniq_prince_ribbit1
D:8:      layout_basic, wad_rectangle_vault, uniq_pikel, uniq_amaemon,
          uniq_maurice
D:9:      layout_basic, hangedman_ru_absence, kennysheep_generic_room_12,
          uniq_erica
D:10:     layout_big_octagon, mainiacjoe_overflow_alcove_2,
          mainiacjoe_overflow_alcove_1, david_orc_4
D:11:     layout_roguey [special_room_orc], erik_lair_orcish_takeover,
          serial_bayou_pond_a, uniq_josephine, uniq_lodul, uniq_psyche
D:12:     layout_basic, portal_ice_cave_rime
Temple:   hellmonk_temple_flake

Skill      XL: |  1  2  3  4  5  6  7  8  9 10 11 12 |
---------------+-------------------------------------+-----
Shapeshifting  | 3 4 7 |  7.3
Fighting       | 2 3 4 5 7 8 |  8.3
Dodging        | 3 4 5 6 7 |  7.5
Unarmed Combat | 4 5 6 7 9 10 11 | 11.3
Spellcasting   | 1 2 3 4 |  4.4
Conjurations   | 1 2 3 4 |  4.4
Hexes          | 1 2 3 4 |  4.4
Summonings     | 1 2 3 4 |  4.4
Necromancy     | 1 2 3 4 |  4.4
Translocations | 1 2 3 4 |  4.4
Fire Magic     | 1 2 3 4 |  4.4
Ice Magic      | 1 2 3 4 |  4.4
Air Magic      | 1 2 3 4 |  4.4
Earth Magic    | 1 2 3 4 |  4.4
Alchemy        | 1 2 3 4 |  4.4
Stealth        | 1 3 4 |  4.2
Evocations     | 1 2 4 |  4.9
Throwing       | 1 2 |  2.0
Armour         | |  0.3

Action                     |  1- 3 |  4- 6 |  7- 9 | 10-12 || total
---------------------------+-------+-------+-------+-------++-------
  Melee: Unarmed           |   127 |   131 |   208 |   431 ||   897
         Punch             |     5 |     9 |    15 |    35 ||    64
  Throw: Dart              |       |    12 |    14 |   147 ||   173
         Throwing net      |       |       |     2 |     1 ||     3
   Cast: Magic Dart        |     7 |    55 |   142 |   227 ||   431
         Call Imp          |       |     2 |    38 |    99 ||   139
         Teleport Other    |       |       |     1 |     8 ||     9
         Flame Wave        |       |       |       |     2 ||     2
         Martyr's Knell    |       |       |       |     4 ||     4
 Invoke: Curse Item        |       |       |       |     1 ||     1
  Evoke: Wand              |       |     4 |    18 |    21 ||    43
    Use: Scroll            |       |     5 |     8 |    21 ||    34
         Potion            |       |       |     1 |    24 ||    25
   Stab: Sleeping          |     2 |     1 |     1 |     1 ||     5
         Distracted        |       |     1 |     1 |     5 ||     7
         Held in net/web   |       |       |     2 |     1 ||     3
 Armour: Animal skin       |    68 |    33 |       |       ||   101
         Skin              |       |    22 |     2 |    52 ||    76
         Robe              |       |    17 |   115 |       ||   132
         Steam dragon scal |       |       |       |   141 ||   141
         Leather armour    |       |       |       |   242 ||   242
  Dodge: Dodged            |    70 |   112 |   144 |   432 ||   758
   Form: Beast             |       |     1 |     1 |       ||     2
         Flux              |       |       |     1 |       ||     1

Table legend: (Time is in decaauts)
 A = Elapsed time spent in this place.
 B = Non-inter-level travel time spent in this place.
 C = Inter-level travel time spent in this place.
 D = Time resting spent in this place.
 E = Time spent auto-exploring this place.
 F = Levels seen in this place.
 G = Mean time per level.
                   A        B        C        D        E       F      G
               +--------+--------+--------+--------+--------+-----+--------+
         Total |  23614 |  22710 |    904 |   8798 |   8625 |  15 | 1574.3 |
       Dungeon |  21459 |  20571 |    888 |   7836 |   8093 |  12 | 1788.2 |
        Temple |     18 |      2 |     16 |      0 |      0 |   1 |   18.0 |
         Sewer |   1203 |   1203 |      0 |    443 |    413 |   1 | 1203.0 |
       Ossuary |    932 |    932 |      0 |    519 |    119 |   1 |  932.0 |
               +--------+--------+--------+--------+--------+-----+--------+

Top non-repeatable levels by time:
     D:9: 4111 daAuts
     D:8: 3682 daAuts
    D:10: 2752 daAuts
     D:7: 2290 daAuts
     D:5: 1971 daAuts
     D:2: 1738 daAuts
     D:6: 1706 daAuts
   Sewer: 1203 daAuts
 Ossuary: 932 daAuts
     D:1: 899 daAuts
     D:3: 812 daAuts
     D:4: 741 daAuts
    D:11: 437 daAuts
    D:12: 314 daAuts
  Temple: 18 daAuts
